 Dungeon Crawl Stone Soup version 0.31-a0-164-g2312942fda (webtiles) character file.

Game seed: 14418793940865727744

148 qw the Shooter (level 5, -7/32 HPs)
             Began as a Gargoyle Hunter on June 13, 2023.
             Mangled by an ogre
             ... wielding a +0 giant club
              (26 damage)
             ... on level 4 of the Dungeon.
             The game lasted 00:00:53 (2028 turns).

qw the Shooter (Gargoyle Hunter)                    Turns: 2028, Time: 00:00:53

Health: -7/32      AC:  8    Str: 15    XL:     5   Next: 30%
Magic:  5/5        EV: 11    Int:  9    God:
Gold:   97         SH:  0    Dex: 15    Spells: 4/4 levels left

rFire   . . .        b - +0 orcbow
rCold   . . .        (shield currently unavailable)
rNeg    + . .        c - +0 leather armour
rPois   inf          (no helmet)
rElec   +            (no cloak)
rCorr   .            h - +0 pair of gloves
SInv    .            (no boots)
Will    .....        g - amulet of faith
Stlth   ++           (no ring)
HPRegen 0.25/turn    (no ring)
MPRegen 0.09/turn

%: faith
@: no status effects
A: sickness immunity, AC +4, negative energy resistance 1, electricity
resistance, torment resistance 1, petrification resistance
a: no special abilities


You were on level 4 of the Dungeon.
You visited 1 branch of the dungeon, and saw 4 of its levels.

You collected 97 gold pieces.


Innate Abilities, Weirdness & Mutations

You are immune to sickness and miasma.
Your stone body is resilient. (AC +4)
You are immune to poison.
You resist negative energy. (rN+)
You are resistant to electric shocks. (rElec)
You are resistant to unholy torment.
You are immune to petrification.


   Skills:
 - Level 3.0 Fighting
 - Level 6.1 Ranged Weapons
 + Level 0.3 Armour
 - Level 1.5 Dodging
 - Level 1.1 Stealth


You had 4 spell levels left.
You didn't know any spells.
Your spell library was empty.

Inventory:

Hand Weapons
 b - a +0 orcbow (weapon)
Armour
 c - a +0 leather armour (worn)
 h - a +0 pair of gloves (worn)
Jewellery
 g - an amulet of faith (around neck)
Scrolls
 a - a scroll of identify
Potions
 d - a potion of haste
 e - a potion of might
 i - a potion of mutation
 j - a potion of magic {unknown}

Dungeon Overview and Level Annotations

Branches:
Dungeon (4/15)
 Temple: D:4-7

Altars:

Shops:
D:2 (


Message History

1961 ||| IDENTIFYING fizzy golden potion Done exploring.
1962 ||| DROPPING potion of invisibility.
You drop a potion of invisibility.
Done exploring.
(D) Dungeon
Where to? (* - list waypoints, Enter - D:3, ? - help)
What level of the Dungeon? (default 1, ? - help)
You flicker for a moment.
You flicker back into view.
There is a stone staircase leading down here.
You climb downwards.
You hear the sound of rushing water.
There is an entrance to a sewer on this level.
Hurry and find it before the portal rusts away!
There is a stone staircase leading up here.
A ball python is nearby!
Waypoint 3 assigned to D:4.
2007 ||| PLANNING SEWER You shoot an arrow.
The arrow hits the ball python!
You kill the ball python!
Found an escape hatch in the ceiling.
You see here a ball python corpse.
An ogre comes into view. It is wielding a +0 giant club.
Found a stone staircase leading down.
The ogre shouts!
You shoot an arrow. The arrow hits the ogre.
The ogre is lightly wounded.
Found a buckler.
Found a hat and a dagger.
You shoot an arrow. The arrow closely misses the ogre.
You shoot an arrow. The arrow barely misses the ogre.
You shoot an arrow. The arrow barely misses the ogre.
The ogre hits you with a +0 giant club!
You shoot an arrow. The arrow hits the ogre!
The ogre is severely wounded.
You shoot an arrow. The arrow hits the ogre.
The ogre is almost dead.
The ogre hits you with a +0 giant club!!
Ouch! That really hurt!
You die...

##..#####.#.#.#.#
.............#.#
..####.#.#.###.#
#...#.###.#
##....#...#
##.#....>#####
#.#..........
#.###O###.... #.#
#@# .. .........#
.........#
.[.......#
##.#[....# ..
#.....# . #.....#
.....)#


You could see an ogre.

Vanquished Creatures
  A hound (D:3)
  4 gnolls
  2 adders (D:2)
  2 worms (D:2)
  An orc (D:3)
  2 ball pythons
  6 endoplasms
  2 giant cockroaches (D:1)
  2 goblins (D:3)
  6 hobgoblins
  6 jackals
  A kobold (D:1)
  4 quokkas
  6 bats
  2 frilled lizards
  4 rats
51 creatures vanquished.

Notes
Turn   | Place    | Note
-------+----------+-------------------------------------------
     0 | D:1      | qw the Gargoyle Hunter began the quest for the Orb.
     0 | D:1      | Reached XP level 1. HP: 12/12 MP: 1/1
     0 | D:1      | 0 ||| qw: Version: 0.2-a-29-gc1b59c4
     0 | D:1      | 0 ||| qw: Game counter: 4617
     0 | D:1      | 0 ||| qw: Always use a shield: true
     0 | D:1      | 0 ||| qw: God list: Okawaru
     0 | D:1      | 0 ||| qw: Allow faded altars: false
     0 | D:1      | 0 ||| qw: Do Orc after D:15 true
     0 | D:1      | 0 ||| qw: Do second Lair branch before Depths: true
     0 | D:1      | 0 ||| qw: Lair rune preference: random
     0 | D:1      | 0 ||| qw: Plans: Normal, Zot:1-4, Slime:5, God:TSO, Crypt,
                  | Tomb, Abyss, Pan, Hells, Win
     0 | D:1      | 0 ||| PLANNING D:1-11
    79 | D:1      | Reached XP level 2. HP: 16/17 MP: 2/2
   198 | D:1      | Reached XP level 3. HP: 21/21 MP: 3/3
   456 | D:1      | 456 ||| UPGRADING to +0 pair of gloves.
   461 | D:1      | 461 ||| READING 2 scrolls labelled SOKHAN SYLAU.
   462 | D:1      | 462 ||| READING 2 scrolls labelled HESOES GEUCWU.
   463 | D:1      | 463 ||| READING scroll labelled SOTTEM ADUOFOE.
   464 | D:1      | 464 ||| READING scroll labelled NOSTRYCEDGH.
   465 | D:1      | 465 ||| READING scroll labelled YLAPHI JIET.
   466 | D:1      | 466 ||| DROPPING scroll of butterflies.
   467 | D:1      | 467 ||| DROPPING scroll of fear.
   489 | D:2      | Reached skill level 5 in Ranged Weapons
   623 | D:2      | Reached skill level 3 in Fighting
   701 | D:2      | 701 ||| READING scroll labelled KAUSIXK QIARR.
   702 | D:2      | 702 ||| READING scroll labelled RUPIJO WUORUENT.
   756 | D:2      | Reached XP level 4. HP: 17/28 MP: 4/4
   759 | D:2      | HP: 6/28 [gnoll/+0 spear (6)]
   763 | D:2      | 763 ||| FLEEEEING.
   764 | D:2      | 764 ||| FLEEEEING.
   765 | D:2      | 765 ||| FLEEEEING.
   766 | D:2      | 766 ||| FLEEEEING.
   767 | D:2      | 767 ||| FLEEEEING.
   768 | D:2      | 768 ||| FLEEEEING.
   769 | D:2      | 769 ||| FLEEEEING.
   770 | D:2      | 770 ||| FLEEEEING.
   771 | D:2      | 771 ||| FLEEEEING.
   772 | D:2      | 772 ||| FLEEEEING.
   773 | D:2      | 773 ||| FLEEEEING.
   774 | D:2      | 774 ||| FLEEEEING.
   775 | D:2      | 775 ||| FLEEEEING.
   776 | D:2      | 776 ||| FLEEEEING.
   777 | D:2      | 777 ||| FLEEEEING.
   778 | D:2      | 778 ||| FLEEEEING.
   779 | D:2      | 779 ||| FLEEEEING.
   780 | D:2      | 780 ||| FLEEEEING.
   781 | D:2      | 781 ||| FLEEEEING.
   782 | D:2      | 782 ||| FLEEEEING.
   783 | D:2      | 783 ||| FLEEEEING.
   784 | D:2      | 784 ||| STAIRDANCE
   851 | D:1      | 851 ||| DROPPING ring of magical power.
   852 | D:1      | 852 ||| READING 2 scrolls of identify.
   852 | D:1      | 852 ||| IDENTIFYING coppery potion
   857 | D:2      | 857 ||| STAIRDANCE
  1046 | D:2      | 1046 ||| READING scroll labelled DYOCVOUTEPH.
  1182 | D:2      | Found Qiocweal's Antique Weapon Shop.
  1349 | D:3      | 1349 ||| SWAPPING to +0 orcbow.
  1350 | D:3      | 1350 ||| DROPPING +0 shortbow.
  1672 | D:3      | Reached skill level 6 in Ranged Weapons
  1672 | D:3      | Reached XP level 5. HP: 30/32 MP: 5/5
  1953 | D:3      | 1953 ||| UPGRADING to amulet of faith.
  1958 | D:3      | 1958 ||| DROPPING +6 ring of intelligence.
  1959 | D:3      | 1959 ||| DRINKING 2 fuming pink potions.
  1960 | D:3      | 1960 ||| READING 3 scrolls of identify.
  1960 | D:3      | 1960 ||| IDENTIFYING fizzy yellow potion
  1961 | D:3      | 1961 ||| READING 2 scrolls of identify.
  1961 | D:3      | 1961 ||| IDENTIFYING fizzy golden potion
  1962 | D:3      | 1962 ||| DROPPING potion of invisibility.
  2007 | D:4      | 2007 ||| PLANNING SEWER
  2017 | D:4      | Noticed an ogre
  2028 | D:4      | Mangled by an ogre

Levels and vault maps discovered:
D:1:      nicolae_arrival_washed_ashore, layout_rooms
D:2:      layout_loops_ring, serial_shops, shop, minmay_strange_pillars
D:3:      layout_basic, skrybe_limestone_x
D:4:      layout_basic, makhleb_blood_cavern_becter,
          lemuel_coloured_pillars_altar, portal_sewer_entry_f,
          minmay_misc_feat_roman

Skill      XL: |  1  2  3  4 |
---------------+-------------+-----
Ranged Weapons | 5 6 |  6.1
Fighting       | 3 |  3.0
Armour         | |  0.3
Dodging        | |  1.5
Stealth        | |  1.1

Action                     |  1- 3 |  4- 6 || total
---------------------------+-------+-------++-------
   Fire: Shortbow          |   102 |    43 ||   145
         Orcbow            |       |    28 ||    28
    Use: Scroll            |     7 |     4 ||    11
         Potion            |       |     1 ||     1
 Armour: Leather armour    |    27 |    14 ||    41
  Dodge: Dodged            |    34 |    20 ||    54

Table legend:
 A = Non-vault XP
 B = Vault XP
 C = Vault XP percentage of total XP
 D = Non-vault monster count
 E = Vault monster count
 F = Vault count percentage of total count
                 A         B        C        D         E       F
            +---------+---------+-------+---------+---------+-------
      Total |     212 |       0 |   0.0 |      51 |       0 |   0.0
            +---------+---------+-------+---------+---------+-------
        D:1 |      52 |       0 |   0.0 |      22 |       0 |   0.0
        D:2 |      98 |       0 |   0.0 |      18 |       0 |   0.0
        D:3 |      61 |       0 |   0.0 |      10 |       0 |   0.0
        D:4 |       1 |       0 |   0.0 |       1 |       0 |   0.0
            +---------+---------+-------+---------+---------+-------
